AoeStats
← opdolce

Highland

504077765Analyzed
3v3 RM · 28d ago on Sep 3, 2026· 91m 1s· 6 players
Game mode
Random Map
Map size
Normal (6 player)
Population
200
Speed
Normal
Resources
Standard
Victory
Conquest
Starting age
Dark Age
Ending age
Imperial Age
RankedLock teamsTeams togetherTeam positionsShared explorationLock speedFull tech treeHidden civsTurbo modeCheats
Victory
Defeat
🇹🇷 Lithuanians · Türkiye
942
+15
🇦🇷 Magyars · Argentina
919
+16
🇺🇸 Hindustanis · United States
906
+16
🇫🇮 Teutons · Finland
969
-18
🇫🇮 Aztecs · Finland
968
-18
🇫🇮 Burmese · Finland
806
-28
Campain3r
0:27 Loom
10:56 Feudal Age
12:03 Double-Bit Axe
13:38 Horse Collar
15:44 Fletching
20:49 Castle Age
19:32 Padded Archer Armor
26:11 Imperial Age
24:37 Bow Saw
24:29 Heavy Plow
25:03 Ballistics
25:42 Fortified Wall
27:14 Leather Archer Armor
28:04 Chemistry
28:22 Wheelbarrow
28:46 Ring Archer Armor
33:03 Bodkin Arrow
37:08 Bracer
40:01 Shatagni
42:44 Conscription
42:43 Hand Cart
42:15 Town Watch
46:35 Scale Barding Armor
46:40 Forging
47:00 Bloodlines
46:12 Heavy Camel Rider
47:10 Bloodlines
47:49 Husbandry
49:58 Chain Barding Armor
49:22 Imperial Camel Rider
54:04 Plate Barding Armor
54:05 Iron Casting
54:43 Iron Casting
57:24 Light Cavalry
59:27 Masonry
61:54 Hussar
65:36 Blast Furnace
69:55 Scale Mail Armor
73:13 Chain Mail Armor
77:10 Squires
79:11 Grand Trunk Road
79:52 Hoardings
81:49 Caravan
Yojimbo
7:42 Loom
11:05 Feudal Age
12:06 Horse Collar
12:15 Double-Bit Axe
21:42 Castle Age
20:21 Scale Barding Armor
21:48 Forging
23:15 Bloodlines
23:30 Chain Barding Armor
25:25 Heavy Plow
26:51 Sanctity
26:42 Fervor
26:47 Bow Saw
26:41 Stone Mining
26:42 Gold Mining
29:09 Wheelbarrow
31:04 Iron Casting
36:42 Imperial Age
36:08 Hand Cart
35:57 Town Watch
37:01 Elite Leitis
37:47 Husbandry
41:47 Stone Shaft Mining
42:43 Conscription
43:03 Plate Barding Armor
42:31 Scale Mail Armor
44:18 Tower Shields
45:08 Crop Rotation
45:42 Two-Man Saw
44:54 Elite Skirmisher
46:39 Pikeman
47:19 Squires
47:53 Halberdier
48:20 Arson
48:28 Fletching
48:39 Padded Archer Armor
53:38 Chain Mail Armor
53:18 Bodkin Arrow
53:39 Leather Archer Armor
54:34 Hoardings
58:20 Thumb Ring
67:38 Caravan
69:56 Town Patrol
70:24 Ballistics
71:05 Chemistry
70:01 Murder Holes
70:16 Masonry
70:13 Bracer
82:22 Ring Archer Armor
81:17 Light Cavalry
83:34 Architecture
83:57 Coinage
87:17 Winged Hussar
Viejo_Lobo_17
2:26 Loom
3:03 Loom
13:00 Feudal Age
14:23 Double-Bit Axe
23:28 Wheelbarrow
22:39 Horse Collar
27:16 Castle Age
27:17 Scale Mail Armor
27:45 Stone Mining
27:48 Pikeman
28:13 Arson
29:48 Chain Mail Armor
40:23 Bow Saw
40:32 Hand Cart
41:21 Husbandry
40:42 Light Cavalry
41:32 Bloodlines
44:22 Corvinian Army
44:33 Corvinian Army
46:37 Gold Mining
50:21 Imperial Age
48:02 Scale Barding Armor
51:14 Cavalier
51:17 Elite Magyar Huszar
52:18 Conscription
52:31 Chain Barding Armor
51:37 Halberdier
52:08 Arson
53:17 Recurve Bow
53:57 Plate Barding Armor
57:37 Heavy Plow
59:25 Caravan
60:39 Two-Man Saw
61:11 Paladin
FVRIVS
7:00 Loom
9:32 Feudal Age
9:36 Man-at-Arms
12:28 Double-Bit Axe
14:22 Horse Collar
20:55 Castle Age
19:35 Gold Mining
20:09 Scale Barding Armor
21:02 Wheelbarrow
23:08 Bloodlines
23:33 Heavy Plow
24:14 Chain Barding Armor
26:26 Bow Saw
28:43 Forging
31:40 Iron Casting
33:54 Devotion
36:52 Stone Mining
40:59 Imperial Age
41:07 Cavalier
42:43 Ballistics
42:28 Siege Engineers
43:25 Chemistry
43:11 Hand Cart
42:42 Town Watch
44:24 Two-Man Saw
44:02 Stone Shaft Mining
46:20 Plate Barding Armor
46:46 Blast Furnace
45:39 Fletching
46:38 Conscription
45:49 Elite Teutonic Knight
46:32 Scale Mail Armor
47:07 Paladin
48:35 Crenellations
50:17 Chain Mail Armor
50:15 Bodkin Arrow
55:09 Plate Mail Armor
57:19 Caravan
61:52 Faith
68:29 Sanctity
68:25 Block Printing
70:42 Ironclad
71:00 Hoardings
71:49 Hoardings
74:53 Arson
75:10 Squires
74:55 Gambesons
82:45 Guilds
83:28 Crop Rotation
84:19 Pikeman
85:22 Halberdier
KipeeUkkeli2000
7:20 Loom
13:31 Feudal Age
14:21 Horse Collar
20:36 Man-at-Arms
28:56 Castle Age
27:02 Stone Mining
27:03 Gold Mining
29:01 Wheelbarrow
29:31 Forging
30:06 Caravan
30:35 Squires
30:24 Gambesons
30:00 Long Swordsman
31:23 Iron Casting
30:53 Heavy Plow
31:22 Hand Cart
30:36 Pikeman
34:05 Town Watch
34:41 Scale Mail Armor
38:41 Ballistics
38:33 Fortified Wall
38:19 Murder Holes
39:39 Fletching
43:30 Imperial Age
44:55 Town Patrol
45:40 Coinage
45:55 Two-Handed Swordsman
45:56 Halberdier
47:56 Chemistry
46:22 Onager
48:19 Bodkin Arrow
49:25 Blast Furnace
48:40 Chain Mail Armor
50:05 Conscription
49:53 Howdah
49:59 Champion
53:24 Plate Mail Armor
56:02 Heavy Scorpion
69:32 Banking
opdolce
7:29 Loom
10:29 Feudal Age
10:58 Horse Collar
11:46 Double-Bit Axe
19:41 Castle Age
19:17 Fletching
21:56 Bow Saw
23:10 Bodkin Arrow
24:08 Wheelbarrow
25:47 Squires
26:37 Scale Mail Armor
27:47 Town Watch
29:13 Hand Cart
29:13 Arson
29:38 Elite Skirmisher
30:47 Padded Archer Armor
37:43 Imperial Age
35:15 Pikeman
42:39 Atlatl
43:02 Town Patrol
43:26 Forging
44:41 Leather Archer Armor
46:50 Bracer
48:27 Iron Casting
48:52 Chain Mail Armor
49:29 Elite Jaguar Warrior
60:52 Onager
71:33 Man-at-Arms
72:44 Long Swordsman
73:34 Two-Handed Swordsman
74:15 Gambesons
74:31 Champion
Connection lost

Rejoining the realm…

Still unreachable

The connection could not be restored.

Session expired

The server has moved on; the page needs a fresh start.